AoeStats
← NDF

Arabia

503910647Analyzed
1v1 RM · 29d ago on Sep 3, 2026· 51m 44s· 2 players
Game mode
Random Map
Map size
Tiny (2 player)
Population
200
Speed
Normal
Resources
Standard
Victory
Conquest
Starting age
Dark Age
Ending age
Imperial Age
RankedLock teamsTeams togetherTeam positionsShared explorationLock speedFull tech treeHidden civsTurbo modeCheats
Victory
Defeat
🇺🇸 Mongols · United States
498
+14
🇦🇷 Teutons · Argentina
446
-14
NDF
3:14 Loom
14:53 Feudal Age
17:19 Arson
21:46 Castle Age
19:58 Double-Bit Axe
21:20 Horse Collar
21:33 Gold Mining
22:36 Stone Mining
23:21 Fletching
23:04 Elite Skirmisher
24:59 Padded Archer Armor
27:49 Squires
28:14 Bow Saw
52:39 Imperial Age
52:01 Stone Shaft Mining
Sauce
10:33 Feudal Age
11:12 Double-Bit Axe
20:55 Bloodlines
25:29 Castle Age
46:10 Padded Archer Armor
46:29 Scale Barding Armor
46:50 Forging
Connection lost

Rejoining the realm…

Still unreachable

The connection could not be restored.

Session expired

The server has moved on; the page needs a fresh start.